 Dungeon Crawl Stone Soup version 0.29-a0-323-g050149af67 (webtiles) character file.

Game seed: 12953900808409805630

114 garrulousMonolith the Vexing (level 4, -2/34 HPs)
             Began as a Gnoll Arcane Marksman on Apr 11, 2022.
             Slain by an orc wizard
             ... wielding a +0 dagger
              (3 damage)
             ... on level 3 of the Dungeon.
             The game lasted 00:05:06 (3370 turns).

garrulousMonolith the Vexing (GnAM)                 Turns: 3370, Time: 00:05:06

Health: -2/34      AC:  6    Str: 10    XL:     4   Next: 97%
Magic:  8/8        EV: 11    Int: 14    God:
Gold:   189        SH:  0    Dex: 12    Spells: 5/9 levels left

rFire   . . .      SeeInvis .   n - +0 hand axe
rCold   . . .      Faith    .   (no shield)
rNeg    . . .      Spirit   .   q - +0 ring mail
rPois   .          Reflect  .   r - +0 helmet
rElec   .          Harm     .   (no cloak)
rCorr   .          Rampage  .   (no gloves)
Will    .....                   (no boots)
Stlth   +.........              (no amulet)
HPRegen 0.11/turn               (no ring)
MPRegen 0.11/turn               (no ring)

@: no status effects
A: fangs 1, strong nose, distributed training
a: no special abilities


You were on level 3 of the Dungeon.
You visited 1 branch of the dungeon, and saw 3 of its levels.

You collected 189 gold pieces.

Inventory:

Hand Weapons
 a - a +0 hunting sling
 h - a +0 war axe
 n - a +0 hand axe (weapon)
Missiles
 d - 2 poisoned darts (quivered)
Armour
 o - a +0 scale mail
 q - a +0 ring mail (worn)
 r - a +0 helmet (worn)
Jewellery
 b - an amulet of magic regeneration
Scrolls
 c - a scroll of vulnerability
 e - a scroll of teleportation
 f - a scroll of amnesia {unknown}
 g - a scroll of fear {unknown}
 m - a scroll of enchant armour {unknown}
 p - a scroll of enchant weapon {unknown}
Potions
 i - a potion of invisibility {unknown}
 j - a potion of heal wounds {unknown}
 k - a potion of mutation {unknown}
 l - a potion of degeneration {unknown}


   Skills:
 + Level 2.8 Fighting
 + Level 1.3 Short Blades
 + Level 1.3 Long Blades
 + Level 1.3 Axes
 + Level 1.3 Maces & Flails
 + Level 1.3 Polearms
 + Level 1.3 Staves
 + Level 4.7 Slings
 + Level 1.3 Bows
 + Level 1.3 Crossbows
 + Level 1.3 Throwing
 + Level 1.3 Armour
 + Level 4.7 Dodging
 + Level 1.3 Stealth
 + Level 1.3 Shields
 + Level 1.3 Unarmed Combat
 + Level 3.1 Spellcasting
 + Level 1.0 Conjurations
 + Level 5.5 Hexes
 + Level 1.0 Summonings
 + Level 1.0 Necromancy
 + Level 1.0 Translocations
 + Level 1.0 Transmutations
 + Level 1.0 Fire Magic
 + Level 1.0 Ice Magic
 + Level 1.0 Air Magic
 + Level 1.0 Earth Magic
 + Level 1.0 Poison Magic
 + Level 1.4 Invocations
 + Level 1.3 Evocations


You had 5 spell levels left.
You knew the following spells:

 Your Spells              Type           Power      Damage    Failure   Level
a - Slow                  Hex            68%        N/A       5%          1
b - Portal Projectile     Hex/Tloc       22%        N/A       38%         3

Your spell library contained the following spells:

 Spells                   Type           Power      Damage    Failure   Level
 Foxfire                  Conj/Fire      20%        2x1d5     34%         1
 Inner Flame              Hex/Fire       11%        N/A       38%         3
 Corpse Rot               Necr/Air       10%        N/A       45%         2
 Cause Fear               Hex            8%         N/A       50%         4
 Conjure Flame            Conj/Fire      5%         6-21      71%         3
 Dispel Undead            Necr           5%         3d7       98%         4
 Flame Wave               Conj/Fire      5%         2d5       98%         4
 Death Channel            Necr           2%         N/A       100%        6


Dungeon Overview and Level Annotations

Branches:
Dungeon (3/15)

Altars:


Innate Abilities, Weirdness & Mutations

You have very sharp teeth.
Your uncanny sense of smell can sniff out nearby items.
Your experience applies equally to all skills.


Message History

Pain shoots through your body!
You closely miss the orc priest.
The orc priest is heavily wounded.
The orc priest casts a cantrip, but nothing happens.
An orc wizard comes into view. It is wielding a +0 dagger.
You hit the orc priest. Your bite misses the orc priest.
The orc priest is severely wounded.
The orc priest invokes the aid of Beogh against you.
Pain shoots through your body!
* * * LOW HITPOINT WARNING * * *
You hit the orc priest.
The orc priest is severely wounded.
The orc wizard gestures at you while chanting.
You resist with some effort.
The orc priest invokes the aid of Beogh against you.
Beogh smites you!
* * * LOW HITPOINT WARNING * * *
You hit the orc priest but do no damage.
The orc priest is severely wounded.
The orc priest closely misses you.
The orc priest hits you with a +0 dagger.
* * * LOW HITPOINT WARNING * * *
You closely miss the orc priest. You bite the orc priest.
The orc priest is severely wounded.
The orc priest closely misses you.
You hit the orc priest but do no damage.
The orc priest is severely wounded.
You hit the orc wizard.
The orc priest hits you but does no damage.
The orc wizard hits you but does no damage.
You barely miss the orc priest.
The orc priest is severely wounded.
You hit the orc wizard. The orc priest closely misses you.
The orc wizard gestures wildly while chanting.
The orc wizard flickers and vanishes!
Deactivating autopickup; reactivate with Ctrl-A.
You miss something. You hit the orc priest.
You kill the orc priest!
Something hits you.
You die...

....#.# #####.# #.#
.^# #.# ##.# #.#
#.# ...# ..###.#
#..# #.##..# #..#
#..†.## #.)#
.....##### #.{#
.........######.@##
...............)..#
#.#.#.##.....##...#
#.#.#.##...#.##...#
#.#.#.##...#.##..##
#.#.#>#....#.....#
.#..........##..#
...............#
###........###.#


There were no monsters in sight!

Vanquished Creatures
  An orc priest (D:3)
  Terence (D:2)
  5 adders
  2 worms (D:2)
  A dart slug (D:1)
  2 orcs (D:3)
  2 bats
  3 endoplasms
  A giant cockroach (D:2)
  5 hobgoblins
  2 quokkas
  A ball python (D:2)
  5 frilled lizards
  2 goblins
  3 kobolds
  3 rats
39 creatures vanquished.

Notes
Turn   | Place    | Note
-------+----------+-------------------------------------------
     0 | D:1      | garrulousMonolith the Gnoll Arcane Marksman began the quest
                  | for the Orb.
     0 | D:1      | Reached XP level 1. HP: 17/17 MP: 4/4
    59 | D:1      | Found a faded altar of an unknown god.
   420 | D:1      | Reached XP level 2. HP: 23/23 MP: 5/5
  1340 | D:2      | Reached XP level 3. HP: 28/28 MP: 7/7
  1344 | D:2      | Learned a level 3 spell: Portal Projectile
  1352 | D:2      | Noticed Terence
  1395 | D:2      | Killed Terence
  1396 | D:2      | Reached skill level 1 in Invocations
  1629 | D:2      | Reached skill level 1 in Short Blades
  1629 | D:2      | Reached skill level 1 in Long Blades
  1629 | D:2      | Reached skill level 1 in Axes
  1629 | D:2      | Reached skill level 1 in Maces & Flails
  1629 | D:2      | Reached skill level 1 in Polearms
  1629 | D:2      | Reached skill level 1 in Staves
  1629 | D:2      | Reached skill level 1 in Bows
  1629 | D:2      | Reached skill level 1 in Crossbows
  1629 | D:2      | Reached skill level 1 in Throwing
  1629 | D:2      | Reached skill level 1 in Armour
  1629 | D:2      | Reached skill level 1 in Stealth
  1629 | D:2      | Reached skill level 1 in Shields
  1629 | D:2      | Reached skill level 1 in Unarmed Combat
  1629 | D:2      | Reached skill level 1 in Evocations
  1715 | D:2      | Reached XP level 4. HP: 27/34 MP: 8/8
  2606 | D:2      | Reached skill level 1 in Conjurations
  2606 | D:2      | Reached skill level 1 in Summonings
  2606 | D:2      | Reached skill level 1 in Necromancy
  2606 | D:2      | Reached skill level 1 in Translocations
  2606 | D:2      | Reached skill level 1 in Transmutations
  2606 | D:2      | Reached skill level 1 in Fire Magic
  2606 | D:2      | Reached skill level 1 in Ice Magic
  2606 | D:2      | Reached skill level 1 in Air Magic
  2606 | D:2      | Reached skill level 1 in Earth Magic
  2606 | D:2      | Reached skill level 1 in Poison Magic
  3366 | D:3      | HP: 1/34 [orc priest/+0 dagger (3)]
  3370 | D:3      | Slain by an orc wizard

Illustrated notes

Levels and vault maps discovered:
D:1:      eino_arrival_tree_alley, layout_loops_ring, serial_rivers,
          chequers_serial_rivers_micro_a, chequers_serial_rivers_room_b,
          chequers_serial_rivers_small_3, chequers_serial_rivers_small_3,
          chequers_serial_rivers_marsh, shapermc_ecumenical_altar_flowoftime
D:2:      layout_basic, bh_walls_and_bars, uniq_terence
D:3:      layout_loops_ring, kennysheep_small_spiral

Skill      XL: |  1  2  3  4 |
---------------+-------------+-----
Invocations    | 1 |  1.4
Short Blades   | 1 |  1.3
Long Blades    | 1 |  1.3
Axes           | 1 |  1.3
Maces & Flails | 1 |  1.3
Polearms       | 1 |  1.3
Staves         | 1 |  1.3
Bows           | 1 |  1.3
Crossbows      | 1 |  1.3
Throwing       | 1 |  1.3
Armour         | 1 |  1.3
Stealth        | 1 |  1.3
Shields        | 1 |  1.3
Unarmed Combat | 1 |  1.3
Evocations     | 1 |  1.3
Spellcasting   | 3 |  3.1
Conjurations   | 1 |  1.0
Summonings     | 1 |  1.0
Necromancy     | 1 |  1.0
Translocations | 1 |  1.0
Transmutations | 1 |  1.0
Fire Magic     | 1 |  1.0
Ice Magic      | 1 |  1.0
Air Magic      | 1 |  1.0
Earth Magic    | 1 |  1.0
Poison Magic   | 1 |  1.0
Fighting       | |  2.8
Slings         | |  4.7
Dodging        | |  4.7
Hexes          | |  5.5

Action                   |  1- 3 |  4- 6 || total
-------------------------+-------+-------++-------
Melee: Hand axe          |       |    16 ||    16
       Bite              |       |     1 ||     1
 Fire: Hunting sling     |    96 |    99 ||   195
Throw: Dart              |     6 |       ||     6
 Cast: Slow              |    10 |     2 ||    12
  Use: Scroll            |     1 |       ||     1
Armor: Robe              |     3 |       ||     3
       Leather armour    |     8 |       ||     8
       Scale mail        |    21 |    16 ||    37
       Ring mail         |       |    11 ||    11
Dodge: Dodged            |    41 |    35 ||    76

Table legend: (Time is in decaauts)
 A = Elapsed time spent in this place.
 B = Non-inter-level travel time spent in this place.
 C = Inter-level travel time spent in this place.
 D = Time resting spent in this place.
 E = Time spent auto-exploring this place.
 F = Levels seen in this place.
 G = Mean time per level.
                   A        B        C        D        E       F      G
               +--------+--------+--------+--------+--------+-----+--------+
         Total |   3479 |   3373 |    106 |    859 |   1867 |   3 | 1159.7 |
       Dungeon |   3479 |   3373 |    106 |    859 |   1867 |   3 | 1159.7 |
               +--------+--------+--------+--------+--------+-----+--------+

Top non-repeatable levels by time:
     D:2: 1942 daAuts
     D:1: 1446 daAuts
     D:3: 90 daAuts
